 Dungeon Crawl Stone Soup version 0.30-a0-643-g638baaf3f0 (webtiles) character file.

Game seed: 4257759979887588455

2174 Rrauwl the Charlatan (level 9, -1/62 (74) HPs)
             Began as a Gnoll Artificer on Jan 16, 2023.
             Was a Follower of Ashenzari.
             Slain by an orc knight
             ... wielding a +0 halberd
              (21 damage)
             ... in a bailey.
             The game lasted 00:21:00 (6150 turns).

Rrauwl the Charlatan (Gnoll Artificer)              Turns: 6150, Time: 00:21:00

HP:   -1/62 (74)    AC: 10    Str: 15    XL:     9   Next: 32%
MP:   15/15         EV:  8    Int:  8    God:    Ashenzari [*.....]
Gold: 284           SH:  0    Dex: 12    Spells: 16/16 levels left

rFire   . . .      SeeInvis .    a - +3 demon whip of Desmomancy {elec, Evo, Melee} (curse)
rCold   . . .      Faith    .    (no shield)
rNeg    . . .      Spirit   .    f - +0 chain mail "Enlightened Sorrow" {rPois Int-2 Slay+3, Melee, Alch} (curse)
rPois   +          Reflect  .    (no helmet)
rElec   .          Harm     .    (no cloak)
rCorr   .          Rampage  .    (no gloves)
Will    .....                    (no boots) Stlth
                                 (no amulet)
HPRegen 0.30/turn                (no ring)
MPRegen 0.14/turn                (no ring)

@: heavily drained
A: fangs 1, strong nose, distributed training, dopey 1, robust 1
a: Renounce Religion, Shatter the Chains


You were in a bailey.
You worshipped Ashenzari.
Ashenzari was aware of your devotion.
You visited 1 branch of the dungeon, and saw 7 of its levels.
You also visited: Sewer and Bailey.

You collected 284 gold pieces.

Inventory:

Hand Weapons
 a - the cursed +3 demon whip of Desmomancy (weapon) {elec, Evo, Melee}
   (You found it on level 4 of the Dungeon)

   It has a curse which improves the following skills: Evocations: Evocations.
   Melee Combat: Short Blades, Long Blades, Axes, Maces & Flails, Polearms,
   Staves and Unarmed Combat.
 b - a +0 sling of draining
 r - a +3 morningstar
 w - a +5 war axe
Missiles
 o - 5 poisoned darts
 v - 6 javelins
Armour
 f - the cursed +0 chain mail "Enlightened Sorrow" (worn) {rPois Int-2 Slay+3, Melee, Alch}
   (You found it on level 4 of the Dungeon)

   Int:       It affects your intelligence (-2).
   Slay:      It affects your accuracy & damage with ranged weapons and melee
   (+3).
   rPois:     It protects you from poison.
   It has a curse which improves the following skills: Melee Combat: Short
   Blades, Long Blades, Axes, Maces & Flails, Polearms, Staves and Unarmed
   Combat.
   Alchemy:   Poison Magic and Transmutations.
Wands
 c - a wand of flame (2) (quivered)
 d - a wand of charming (16)
 e - a wand of iceblast (12)
Scrolls
 h - a scroll of enchant armour
 j - a scroll of immolation
 k - 2 scrolls of blinking
 m - a scroll of brand weapon
 p - a scroll of fear
 q - a scroll of vulnerability
 s - 2 scrolls of identify
Potions
 g - 4 potions of curing
 i - a potion of berserk rage
 l - 4 potions of magic
 n - a potion of brilliance
 t - a potion of lignification
 u - a potion of attraction
 z - a potion of mutation


   Skills:
 + Level 5.1 Fighting
 + Level 4.3(5.5) Short Blades
 + Level 4.3(5.5) Long Blades
 + Level 4.3(5.5) Axes
 + Level 4.3(5.5) Maces & Flails
 + Level 4.3(5.5) Polearms
 + Level 4.3(5.5) Staves
 + Level 4.3 Ranged Weapons
 + Level 4.3 Throwing
 + Level 6.3 Armour
 + Level 5.1 Dodging
 + Level 5.0 Stealth
 + Level 4.3 Shields
 + Level 4.3(5.5) Unarmed Combat
 + Level 4.3 Spellcasting
 + Level 3.5 Conjurations
 + Level 3.5 Hexes
 + Level 3.5 Summonings
 + Level 3.5 Necromancy
 + Level 3.5 Translocations
 + Level 3.5(4.3) Transmutations
 + Level 3.5 Fire Magic
 + Level 3.5 Ice Magic
 + Level 3.5 Air Magic
 + Level 3.5 Earth Magic
 + Level 3.5(4.3) Poison Magic
 + Level 4.7 Invocations
 + Level 7.9(8.8) Evocations


You had 16 spell levels left.
You didn't know any spells.
Your spell library contained the following spells:

 Spells                   Type           Power      Damage    Failure   Level
 Call Canine Familiar     Summ           7%         N/A       97%         3
 Inner Flame              Hex/Fire       7%         N/A       97%         3
 Portal Projectile        Hex/Tloc       14%        N/A       97%         3
 Flame Wave               Conj/Fire      7%         2d5       100%        4
 Leda's Liquefaction      Hex/Erth       3%         N/A       100%        4
 Sticky Flame             Conj/Fire      7%         2d3       100%        4
 Yara's Violent Unravell  Hex/Tmut       4%         3d4       100%        5
 Enfeeble                 Hex            3%         N/A       100%        7


Dungeon Overview and Level Annotations

Branches:
Dungeon (7/15)              Sewer (visited)          Bailey (1/1)
 Temple: D:4-7

Altars:
Ashenzari
Nemelex Xobeh
Ru


Innate Abilities, Weirdness & Mutations

You have very sharp teeth.
Your uncanny sense of smell can sniff out nearby items.
Your experience applies equally to all skills.
You are dopey. (Int -2)
You are robust. (+10% HP)


Message History

Aiming: Iceblast
Press: ? - help, Shift-Dir - straight line, f - orc
Aim: an orc, wielding a +0 trident and wearing a +0 chain mail The mass of ice explodes!
The iceblast engulfs the orc!
You kill the orc!
The iceblast engulfs the orc knight!!
The orc knight is moderately wounded.
You hear a shout!
The orc knight hits you with a +0 halberd!!
There is an open door, spattered with blood here.
You whack the orc knight!
The orc knight is heavily wounded.
The orc knight hits you but does no damage.
You closely miss the orc knight.
The orc knight is heavily wounded.
The orc knight closely misses you.
You hit the orc knight.
The orc knight is severely wounded.
You barely miss the orc knight.
The orc knight is severely wounded.
The orc knight hits you with a +0 halberd!!
* * * LOW HITPOINT WARNING * * *
You are too injured to fight recklessly!
You barely miss the orc knight. Your punch misses the orc knight.
The orc knight is severely wounded.
The orc knight hits you with a +0 halberd.
* * * LOW HITPOINT WARNING * * *
You closely miss the orc knight.
The orc knight is severely wounded.
The orc knight hits you with a +0 halberd!
* * * LOW HITPOINT WARNING * * *
You feel much better.
The orc knight hits you with a +0 halberd.
You whack the orc knight!
The orc knight is almost dead.
The orc knight hits you with a +0 halberd!
You hit the orc knight.
The orc knight is almost dead.
The orc knight hits you with a +0 halberd!!
You die...

##### ### ###
#)'.###)###.#
#o###'##'##@##
∆ ∆g!#
##....o## !.!.
#.....###
+!.⌠.∆
#.'..)..'.#
#.!.!
###.....###
#!.! ∆
#.....## +##+
+# #'##'##'##
#.#.# #.###)#
# ### #####
### #'#


You could see an orc knight.

Vanquished Creatures
  2 steam dragons (D:5)
  2 black bears (D:6)
  Duvessa (D:4)
  Pargi (Sewer)
  An ogre (D:6)
  2 ice beasts (D:5)
  A phantom (D:6)
  Blork the orc (D:5)
  A necrophage (D:4)
  7 wights (D:6)
  Dowan (D:4)
  2 hounds (D:5)
  A gnoll bouda (D:5)
  A jelly (D:4)
  Ijyb (D:4)
  5 iguanas
  2 orc wizards (D:6)
  Robin (D:4)
  8 adders
  9 gnolls
  A river rat (D:3)
  A white imp (D:6)
  An ufetubus (D:6)
  3 worms (D:2)
  2 dart slugs
  17 orcs
  10 endoplasms
  6 giant cockroaches
  16 goblins
  16 hobgoblins
  4 jackals (D:1)
  7 kobolds
  3 quokkas
  6 ball pythons
  3 bats
  3 frilled lizards
  10 rats
159 creatures vanquished.

Vanquished Creatures (collateral kills)
  2 gnolls (Bailey)
  A kobold (Sewer)
3 creatures vanquished.

Vanquished Creatures (others)
  An orc wizard (D:4)
  11 fungi (D:5)
12 creatures vanquished.

Grand Total: 174 creatures vanquished

Notes
Turn   | Place    | Note
-------+----------+-------------------------------------------
     0 | D:1      | Rrauwl the Gnoll Artificer began the quest for the Orb.
     0 | D:1      | Reached XP level 1. HP: 17/17 MP: 1/1
   188 | D:1      | Reached XP level 2. HP: 16/23 MP: 2/2
   817 | D:1      | Reached XP level 3. HP: 26/28 MP: 3/3
   975 | D:2      | Reached skill level 1 in Invocations
  1006 | D:2      | Found a sacrificial altar of Ru.
  1124 | D:2      | Reached skill level 1 in Short Blades
  1124 | D:2      | Reached skill level 1 in Long Blades
  1124 | D:2      | Reached skill level 1 in Axes
  1124 | D:2      | Reached skill level 1 in Maces & Flails
  1124 | D:2      | Reached skill level 1 in Polearms
  1124 | D:2      | Reached skill level 1 in Staves
  1124 | D:2      | Reached skill level 1 in Ranged Weapons
  1124 | D:2      | Reached skill level 1 in Throwing
  1124 | D:2      | Reached skill level 1 in Shields
  1124 | D:2      | Reached skill level 1 in Unarmed Combat
  1124 | D:2      | Reached skill level 1 in Spellcasting
  1243 | D:2      | Gained mutation: Armour fits poorly on your strangely
                  | shaped body. [potion of mutation]
  1243 | D:2      | Gained mutation: Potions are less effective at restoring
                  | your health. [potion of mutation]
  1243 | D:2      | Gained mutation: You are weak. (Str -2) [potion of
                  | mutation]
  1244 | D:2      | Lost mutation: You are weak. (Str -2) [potion of mutation]
  1244 | D:2      | Lost mutation: Potions are less effective at restoring your
                  | health. [potion of mutation]
  1244 | D:2      | Lost mutation: Armour fits poorly on your strangely shaped
                  | body. [potion of mutation]
  1244 | D:2      | Gained mutation: You are robust. (+10% HP) [potion of
                  | mutation]
  1244 | D:2      | Gained mutation: You have hidden genetic defects. [potion
                  | of mutation]
  1244 | D:2      | Gained mutation: You have an increased reservoir of magic.
                  | (+10% MP) [potion of mutation]
  1306 | D:2      | Reached XP level 4. HP: 29/37 MP: 6/6
  1481 | D:2      | Lost mutation: You have an increased reservoir of magic.
                  | (+10% MP) [hidden defects]
  1796 | D:3      | Reached skill level 1 in Conjurations
  1796 | D:3      | Reached skill level 1 in Hexes
  1796 | D:3      | Reached skill level 1 in Summonings
  1796 | D:3      | Reached skill level 1 in Necromancy
  1796 | D:3      | Reached skill level 1 in Translocations
  1796 | D:3      | Reached skill level 1 in Transmutations
  1796 | D:3      | Reached skill level 1 in Fire Magic
  1796 | D:3      | Reached skill level 1 in Ice Magic
  1796 | D:3      | Reached skill level 1 in Air Magic
  1796 | D:3      | Reached skill level 1 in Earth Magic
  1796 | D:3      | Reached skill level 1 in Poison Magic
  1818 | D:3      | Gained mutation: You are dopey. (Int -2) [hidden defects]
  1818 | D:3      | Lost mutation: You have hidden genetic defects. [hidden
                  | defects expressed]
  2154 | D:3      | Found a glowing drain.
  2220 | Sewer    | Entered a sewer
  2301 | Sewer    | Noticed Pargi
  2331 | Sewer    | Killed Pargi
  2332 | Sewer    | Reached XP level 5. HP: 42/45 MP: 7/7
  2524 | D:3      | Reached XP level 6. HP: 48/51 MP: 8/8
  2646 | D:4      | Noticed Robin
  2861 | D:3      | Reached skill level 5 in Armour
  3033 | D:4      | Killed Robin
  3111 | D:4      | Identified the +0 chain mail of the Old World {rPois Int-2
                  | Slay+3}
  3136 | D:4      | Noticed Duvessa
  3151 | D:4      | Found a sparkling altar of Nemelex Xobeh.
  3245 | D:4      | Noticed Ijyb
  3254 | D:4      | Killed Ijyb
  3278 | D:4      | Killed Duvessa
  3279 | D:4      | Reached skill level 7 in Evocations
  3279 | D:4      | Reached XP level 7. HP: 57/57 MP: 10/10
  3317 | D:4      | Noticed Dowan
  3325 | D:4      | Killed Dowan
  3468 | D:4      | Found a broken altar of Ashenzari.
  3477 | D:4      | Became a worshipper of Ashenzari the Shackled
  3566 | D:5      | Entered Level 5 of the Dungeon
  3663 | D:5      | Noticed Blork the orc
  3668 | D:5      | Killed Blork the orc
  3873 | D:5      | Reached XP level 8. HP: 66/66 MP: 12/12
  5000 | D:6      | Reached XP level 9. HP: 72/72 MP: 14/14
  5334 | D:6      | Reached * piety under Ashenzari
  5350 | D:6      | Reached skill level 5 in Fighting
  5350 | D:6      | Reached skill level 5 in Dodging
  5618 | D:7      | Found a flagged portal.
  5641 | Bailey   | Entered a bailey
  5973 | Bailey   | Reached skill level 5 in Stealth
  6003 | Bailey   | Noticed an orc knight
  6147 | Bailey   | HP: 2/62 [orc knight/+0 halberd (10)]
  6150 | Bailey   | Slain by an orc knight

Illustrated notes

Levels and vault maps discovered:
D:1:      dpeg_arrival_rooms_c, layout_loops_cross, amethyst_killhole,
          kennysheep_another_room
D:2:      layout_basic, basic_altar
D:3:      layout_basic, portal_sewer_entry_c, roderic_roman_lattice
D:4:      layout_rooms, mainiacjoe_overflow_large_starburst, uniq_ijyb,
          uniq_robin, uniq_duvessa
D:5:      kennysheep_steamy, layout_loops_ring, uniq_blork_the_orc
D:6:      layout_basic
D:7:      layout_layer_cave, temple_statues, gammafunk_ghost_grave,
          enter_bailey_5, minmay_liquid_box
Bailey:   bailey_polearm_nasty_gnolls, bailey

Skill      XL: |  1  2  3  4  5  6  7  8  9 |
---------------+----------------------------+-----
Invocations    | 1 2 3 4 |  4.7
Short Blades   | 1 2 3 4 |  4.3
Long Blades    | 1 2 3 4 |  4.3
Axes           | 1 2 3 4 |  4.3
Maces & Flails | 1 2 3 4 |  4.3
Polearms       | 1 2 3 4 |  4.3
Staves         | 1 2 3 4 |  4.3
Ranged Weapons | 1 2 3 4 |  4.3
Throwing       | 1 2 3 4 |  4.3
Shields        | 1 2 3 4 |  4.3
Unarmed Combat | 1 2 3 4 |  4.3
Spellcasting   | 1 2 3 4 |  4.3
Conjurations   | 1 2 3 |  3.5
Hexes          | 1 2 3 |  3.5
Summonings     | 1 2 3 |  3.5
Necromancy     | 1 2 3 |  3.5
Translocations | 1 2 3 |  3.5
Transmutations | 1 2 3 |  3.5
Fire Magic     | 1 2 3 |  3.5
Ice Magic      | 1 2 3 |  3.5
Air Magic      | 1 2 3 |  3.5
Earth Magic    | 1 2 3 |  3.5
Poison Magic   | 1 2 3 |  3.5
Fighting       | 3 4 5 |  5.1
Dodging        | 3 4 5 |  5.1
Stealth        | 3 4 5 |  5.0
Armour         | 5 6 |  6.3
Evocations     | 7 |  7.9

Action                   |  1- 3 |  4- 6 |  7- 9 || total
-------------------------+-------+-------+-------++-------
Melee: Club              |    62 |       |       ||    62
       Dagger            |    89 |   208 |       ||   297
       Bite              |    12 |    20 |    15 ||    47
       Demon whip        |       |    18 |   157 ||   175
       Punch             |       |       |     5 ||     5
 Fire: Sling             |    18 |     7 |     9 ||    34
Invok: Curse Item        |       |       |     2 ||     2
Evoke: Wand              |     5 |    11 |     6 ||    22
  Use: Potion            |     4 |     1 |     3 ||     8
       Scroll            |     4 |     6 |     8 ||    18
 Stab: Distracted        |       |     1 |       ||     1
Armor: Leather armour    |     5 |       |       ||     5
       Chain mail        |    56 |    86 |    47 ||   189
       Plate armour      |       |    93 |       ||    93
Dodge: Dodged            |    74 |    47 |    64 ||   185

Table legend: (Time is in decaauts)
 A = Elapsed time spent in this place.
 B = Non-inter-level travel time spent in this place.
 C = Inter-level travel time spent in this place.
 D = Time resting spent in this place.
 E = Time spent auto-exploring this place.
 F = Levels seen in this place.
 G = Mean time per level.
                   A        B        C        D        E       F      G
               +--------+--------+--------+--------+--------+-----+--------+
         Total |   6170 |   5947 |    223 |    224 |   4248 |   9 |  685.6 |
       Dungeon |   5399 |   5176 |    223 |      0 |   3942 |   7 |  771.3 |
         Sewer |    269 |    269 |      0 |     87 |    111 |   1 |  269.0 |
        Bailey |    501 |    501 |      0 |    137 |    195 |   1 |  501.0 |
               +--------+--------+--------+--------+--------+-----+--------+

Top non-repeatable levels by time:
     D:5: 1053 daAuts
     D:6: 993 daAuts
     D:1: 990 daAuts
     D:3: 951 daAuts
     D:2: 795 daAuts
     D:4: 588 daAuts
  Bailey: 501 daAuts
   Sewer: 269 daAuts
     D:7: 27 daAuts
